 Dungeon Crawl Stone Soup version 0.30-a0-862-g1aabd4f9c5 (webtiles) character file.

Game seed: 18169503863219988270

2570 Pimp the Conjurer (level 9, -1/57 HPs)
             Began as a Demonspawn Conjurer on Mar 8, 2023.
             Was an Initiate of Gozag.
             Succumbed to a hornet's poison
             ... while paralysed by a hornet
             ... on level 5 of the Dungeon.
             The game lasted 00:33:55 (7855 turns).

Pimp the Conjurer (Demonspawn Conjurer)             Turns: 7855, Time: 00:33:55

Health: -1/57      AC:  6    Str:  9    XL:     9   Next: 32%
Magic:  13/18      EV:  2    Int: 23    God:    Gozag
Gold:   119        SH:  0    Dex: 17    Spells: 13/20 levels left

rFire   . . .      SeeInvis .    g - +3 rapier (protect)
rCold   . . .      Faith    .    (no shield)
rNeg    + . .      Spirit   .    a - +0 robe
rPois   .          Reflect  .    (helmet restricted)
rElec   +          Rampage  .    c - +0 cloak {Will+}
rCorr   .                        (no gloves)
Will    +....                    t - +0 pair of boots
Stlth   +++                      (no amulet)
HPRegen 0.29/turn                x - ring "Uzettig" {Wiz rElec rN+}
MPRegen 0.16/turn                s - +6 ring of dexterity

@: paralysed, mighty, lethally poisoned (-1 -> -37), slowed
A: antennae 2, icy blue scales 1, powered by pain 1, demonic magic 1
a: Renounce Religion, Potion Petition, Call Merchant, Bribe Branch


You were on level 5 of the Dungeon.
You worshipped Gozag.
Gozag was aware of your devotion.
You visited 1 branch of the dungeon, and saw 7 of its levels.

You collected 760 gold pieces.
You spent 572 gold pieces at shops.
You paid 69 gold pieces to Gozag.

Inventory:

Hand Weapons
 f - a +0 short sword
 g - a +3 rapier of protection (weapon)
Armour
 a - a +0 robe (worn)
 c - a +0 cloak of willpower (worn)
 t - a +0 pair of boots (worn)
Magical Staves
 h - a staff of cold
Jewellery
 e - a ring of flight
 o - a ring of magical power
 s - a +6 ring of dexterity (right hand)
 u - a ring of ice
 x - the ring "Uzettig" (left hand) {Wiz rElec rN+}
   (You bought it in a shop on level 1 of the Dungeon)

   [ring of wizardry]

   It improves your spell success rate.
   rElec:     It insulates you from electricity.
   rN:        It protects you from negative energy.
 y - a ring of fire
Wands
 r - a wand of polymorph (13)
Scrolls
 d - a scroll of blinking {unknown}
 j - 5 scrolls of teleportation
 m - 2 scrolls of amnesia
 q - 5 scrolls of identify
 v - a scroll of magic mapping
 z - a scroll of fog
Potions
 b - 2 potions of magic
 i - a potion of attraction
 k - 3 potions of curing
 l - 2 potions of lignification {unknown}
 n - 3 potions of degeneration {unknown}
 p - 2 potions of mutation {unknown}
 w - a potion of flight {unknown}


   Skills:
 + Level 6.0 Dodging
 + Level 6.5 Stealth
 + Level 6.1 Spellcasting
 + Level 7.5 Conjurations


You had 13 spell levels left.
You knew the following spells:

 Your Spells              Type           Power      Damage    Failure   Level
a - Magic Dart            Conj           100%       1d8       1%          1
b - Searing Ray           Conj           82%        2d7       1%          2
c - Dazzling Flash        Conj/Hex       48%        N/A       2%          3
d - Necrotise             Necr           28%        1d5       3%          1

Your spell library contained the following spells:

 Spells                   Type           Power      Damage    Failure   Level
 Hailstorm                Conj/Ice       24%        3d7       2%          3
 Apportation              Tloc           14%        N/A       3%          1
 Freeze                   Ice            28%        1d5       3%          1
 Summon Small Mammal      Summ           28%        N/A       3%          1
 Lesser Beckoning         Tloc           14%        N/A       5%          2
 Fulminant Prism          Conj/Hex       12%        3d9       8%          4
 Iskenderun's Mystic Bla  Conj/Tloc      24%        2d7       8%          4
 Call Canine Familiar     Summ           7%         N/A       11%         3
 Frozen Ramparts          Ice            14%        1d3       11%         3
 Portal Projectile        Hex/Tloc       14%        N/A       11%         3
 Leda's Liquefaction      Hex/Erth       3%         N/A       32%         4
 Alistair's Intoxication  Tmut/Pois      4%         N/A       65%         5


Dungeon Overview and Level Annotations

Branches:
Dungeon (7/15)             Temple (0/1) D:5

Altars:
Fedhas
Gozag
Sif Muna

Shops:
D:1 =   D:2 (   D:4 [*


Innate Abilities, Weirdness & Mutations

You have a pair of antennae on your head.
You are partially covered in icy blue scales. (AC +2)
You sometimes gain a little power by taking damage.
Spells you cast may paralyse adjacent enemies.


Message History

Malevolent energies surge around you.
The searing ray hits the hornet.
The hornet is moderately wounded.
The hornet misses you.
The searing ray hits the hornet!
The hornet is heavily wounded.
The hornet stings you.
You feel yourself slow down. The hornet stings you!
You are poisoned.
You feel as though you will be slow longer.
The searing ray hits the hornet.
The hornet is severely wounded.
You finish channelling your searing ray.
You feel very sick. The hornet completely misses you.
The hornet closely misses you.
Casting: Searing Ray (safe; 1% risk of failure)
Confirm with . or Enter, or press ? or * to list all spells.
Aiming: Magic Dart (safe; 1% risk of failure)
Press: ? - help, Shift-Dir - straight line, f/p - hornet
Aim: a hornet (severely wounded, 100% to hit)
The magic dart hits the hornet.
The hornet is severely wounded.
Malevolent energies surge around you.
You feel very sick. The hornet stings you.
You are more poisoned.
You suddenly lose the ability to move!
The hornet stings you but does no damage.
You feel very sick. The hornet stings you!
* * * LOW HITPOINT WARNING * * *
You focus on the pain.
You feel very mighty all of a sudden.
You are lethally poisoned!
You feel as though you will be slow longer.
The hornet stings you!
* * * LOW HITPOINT WARNING * * *
You are more poisoned.
You feel as though you will be slow longer.
You die...
Your body crumbles into a pile of gold.

#.# # #.# # #[###
#[#.. #.#.# ##.#.#
######### #.....
####.......# ##.#.#
......y@##.# #####
#..#.##.##.########
#. # #
#...........# ##.
####.######.# #..
#.#####.# #..
#.......######.#
####
########.......#
#⌠..
#........#####.#
#... #........#
##.# #...


You could see a hornet.

Vanquished Creatures
  Eustachio (D:5)
  4 vampire mosquitoes (D:7)
  A water moccasin (D:5)
  2 orc warriors
  A kobold brigand (D:6)
  2 phantoms
  2 bullfrogs
  A gnoll sergeant (D:6)
  2 scorpions
  A water moccasin skeleton (D:4)
  6 wights
  A howler monkey (D:5)
  A bullfrog zombie (D:4)
  A jelly (D:4)
  An orc priest (D:4)
  A gnoll bouda (D:5)
  2 hounds
  Crazy Yiuf (D:3)
  A bullfrog skeleton (D:4)
  Jessica (D:3)
  2 iguanas (D:5)
  6 orc wizards
  A sleepcap (D:6)
  6 adders
  4 gnolls (D:5)
  2 white imps
  2 ufetubi (D:5)
  2 worms
  The ghost of jasper the Sneak, a weakling DsDe (D:4)
  2 dart slugs (D:3)
  12 orcs
  4 ball pythons
  3 bats
  14 endoplasms
  2 giant cockroaches
  10 goblins
  8 hobgoblins
  3 jackals (D:1)
  7 kobolds
  2 quokkas
  2 frilled lizards
  8 rats
136 creatures vanquished.

Vanquished Creatures (others)
  25 plants (D:6)
25 creatures vanquished.

Grand Total: 161 creatures vanquished

Notes
Turn   | Place    | Note
-------+----------+-------------------------------------------
     0 | D:1      | Pimp the Demonspawn Conjurer began the quest for the Orb.
     0 | D:1      | Reached XP level 1. HP: 13/13 MP: 3/3
   402 | D:1      | Gained mutation: You are partially covered in icy blue
                  | scales. (AC +2) [demonic ancestry]
   402 | D:1      | Reached XP level 2. HP: 19/19 MP: 1/5
   892 | D:1      | Learned a level 2 spell: Searing Ray
  1088 | D:1      | Found Xinotuohut's Jewellery Boutique.
  1185 | D:2      | Found Noalaq's Antique Weapon Shop.
  1220 | D:2      | Reached XP level 3. HP: 21/24 MP: 3/6
  1300 | D:2      | Got Oqunaqot's Quarto of Dimensional Poison
  1305 | D:2      | Learned a level 3 spell: Dazzling Flash
  2035 | D:3      | Gained mutation: You have a pair of small antennae on your
                  | head. [demonic ancestry]
  2035 | D:3      | Reached XP level 4. HP: 30/30 MP: 7/7
  2542 | D:3      | Noticed Jessica
  2545 | D:3      | Killed Jessica
  2759 | D:3      | Found a runed translucent door.
  2760 | D:3      | Noticed Crazy Yiuf
  2927 | D:3      | Noticed a scorpion
  2978 | D:3      | Killed a scorpion
  2979 | D:3      | Gained mutation: You sometimes gain a little power by
                  | taking damage. [demonic ancestry]
  2979 | D:3      | Reached XP level 5. HP: 21/35 MP: 9/9
  3198 | D:3      | Killed Crazy Yiuf
  3582 | D:4      | Found a large runed translucent door.
  3586 | D:4      | Found a large runed translucent door.
  3605 | D:4      | Reached skill level 5 in Conjurations
  3609 | D:4      | Gained mutation: You have a pair of antennae on your head.
                  | [demonic ancestry]
  3609 | D:4      | Reached XP level 6. HP: 33/41 MP: 8/11
  3782 | D:4      | Found a shimmering blue altar of Sif Muna.
  3787 | D:4      | Found an opulent altar of Gozag.
  3790 | D:4      | Became a worshipper of Gozag Ym Sagoz the Greedy
  3876 | D:4      | Found Larhib's Assorted Antiques.
  3920 | D:4      | Bought a tourmaline ring for 90 gold pieces
  4069 | D:4      | Gained mutation: Spells you cast may paralyse adjacent
                  | enemies. [demonic ancestry]
  4069 | D:4      | Reached XP level 7. HP: 41/46 MP: 12/12
  4211 | D:4      | Learned a level 1 spell: Necrotise
  4256 | D:4      | You fall into a shaft and drop 2 floors!
  4267 | D:5      | Entered Level 5 of the Dungeon
  4308 | D:5      | Noticed Eustachio
  4345 | D:5      | Killed Eustachio
  4568 | D:5      | Reached skill level 6 in Conjurations
  4764 | D:5      | Reached XP level 8. HP: 52/52 MP: 14/14
  4806 | D:5      | Reached skill level 5 in Stealth
  5255 | D:5      | Found a blossoming altar of Fedhas.
  5391 | D:5      | Found a staircase to the Ecumenical Temple.
  5484 | D:5      | Reached skill level 5 in Spellcasting
  5742 | D:6      | Reached skill level 5 in Dodging
  6428 | D:6      | Reached skill level 7 in Conjurations
  6761 | D:7      | Reached XP level 9. HP: 47/57 MP: 17/17
  7330 | D:1      | Bought the ring "Uzettig" {Wiz rElec rN+} for 482 gold
                  | pieces
  7560 | D:4      | Found a runed translucent gate.
  7560 | D:4      | Found a runed translucent gate.
  7561 | D:4      | Found a runed translucent gate.
  7563 | D:4      | Noticed jasper's ghost (weakling DsDe)
  7581 | D:4      | Killed jasper's ghost
  7689 | D:4      | Found Yrchyck's Armour Shoppe.
  7853 | D:5      | Paralysed by a hornet for 3 turns
  7855 | D:5      | Succumbed to a hornet's poison

Illustrated notes

Levels and vault maps discovered:
D:1:      shiori_arrival_oz, layout_basic, serial_shops,
          nicolae_shop_behind_doors, hangedman_decor_points
D:2:      layout_rooms, serial_shops, shop, basic_altar, serial_curves,
          eino_curves_03, eino_curves_03
D:3:      layout_loops_ring, lemuel_doored_altar, st_stairs_14,
          minmay_crystal_room, minmay_puff, uniq_crazy_yiuf_cottage,
          uniq_jessica
D:4:      layout_loops_ring, jmf_multi_god_temple2, serial_shops,
          shop_fountains, shop, gammafunk_ghost_necromancy
D:5:      kennysheep_spiral_hall, layout_loops_cross, fedhas_altar_2,
          temple_fountains, uniq_eustachio
D:6:      layout_rooms, serial_bayou, serial_bayou_shore_b, serial_bayou_pond_a,
          serial_bayou_lagoon_a, serial_bayou_pond_c, serial_bayou_pond_d,
          serial_bayou_pond_d, sword_in_stone
D:7:      layout_rooms, uniq_menkaure

Skill      XL: |  1  2  3  4  5  6  7  8  9 |
---------------+----------------------------+-----
Dodging        | 2 3 4 5 6 |  6.0
Stealth        | 2 3 4 6 |  6.5
Spellcasting   | 3 4 5 6 |  6.1
Conjurations   | 5 6 7 |  7.5

Action                     |  1- 3 |  4- 6 |  7- 9 || total
---------------------------+-------+-------+-------++-------
  Melee: Unarmed           |    20 |       |       ||    20
         Short sword       |    55 |    63 |     4 ||   122
         Punch             |       |     1 |     1 ||     2
         Rapier            |       |       |    47 ||    47
   Cast: Magic Dart        |    16 |     3 |    49 ||    68
         Searing Ray       |    10 |    28 |    47 ||    85
         Necrotise         |       |       |     2 ||     2
         Dazzling Flash    |       |       |     1 ||     1
    Use: Scroll            |     4 |       |     4 ||     8
         Potion            |     1 |     3 |     2 ||     6
   Stab: Sleeping          |    12 |     2 |     2 ||    16
         Paralysed         |       |       |    13 ||    13
 Armour: Robe              |    26 |    19 |    23 ||    68
  Dodge: Dodged            |    51 |    60 |   112 ||   223

Table legend: (Time is in decaauts)
 A = Elapsed time spent in this place.
 B = Non-inter-level travel time spent in this place.
 C = Inter-level travel time spent in this place.
 D = Time resting spent in this place.
 E = Time spent auto-exploring this place.
 F = Levels seen in this place.
 G = Mean time per level.
                   A        B        C        D        E       F      G
               +--------+--------+--------+--------+--------+-----+--------+
         Total |   7873 |   7250 |    623 |   2474 |   2805 |   7 | 1124.7 |
       Dungeon |   7873 |   7250 |    623 |   2474 |   2805 |   7 | 1124.7 |
               +--------+--------+--------+--------+--------+-----+--------+

Top non-repeatable levels by time:
     D:5: 1753 daAuts
     D:3: 1643 daAuts
     D:1: 1207 daAuts
     D:4: 1182 daAuts
     D:2: 844 daAuts
     D:7: 768 daAuts
     D:6: 474 daAuts
